[Event "Late-Titled-Tuesday-Blitz-January-16-2024"]
[Site "Chess.com"]
[Date "2024.01.16"]
[Round "8"]
[White "dretch"]
[Black "BogdanDeac"]
[Result "0-1"]
[WhiteElo "2787"]
[BlackElo "3025"]
[TimeControl "180+1"]
[EndTime "15:29:44 PST"]
[Termination "BogdanDeac won by resignation"]

1. d4 Nf6 2. c4 e6 3. Nc3 Bb4 4.
Qc2 d5 5. cxd5 exd5 6. Bg5 c5 7. dxc5 h6 8. Bh4 g5 9. Bg3 Ne4 10. O-O-O Bxc3 11. f3 Bd2+ 12. Rxd2 Nxd2 13. Qxd2 Nc6 14. h4 Qf6 15. hxg5 hxg5 16. Rxh8+ Qxh8 17. Qxg5 Be6 18. e3 a6 19. Ne2 Kd7 20. Qf4 Qh1 21. Kd2 Qxf1 22. Qc7+ Ke8 23. Qxb7 Rc8 24. Nf4 Qb5 25. Qb6 Kd7 26. Nd3 Ke8 27. b3 Bf5 28. Nf4 Qb4+ 29. Kd1 d4 30. Nd5 Qxb6 31. cxb6 dxe3 32.
b7 Rd8 33. Ke2 Rxd5 34. Kxe3 Rb5 35. Bd6 Rxb7 36. g4 Be6 37. f4 Bd7 38. f5 f6 39. Ke4 Ne7 40. Bc5 Bc6+ 41. Kd3 Nd5 42. Bd4 Kd7 43. Kc4 Rb8 44. Kc5 Rg8 45. a4 Rxg4 46. b4 Nxb4 47. Bxf6 Nd5 48. Be5 Rxa4 49. f6 Nxf6 50. Bxf6 Ra5+ 51. Kb6 Ra4 52. Bc3 Bb5 53. Ba5 Kd6 54. Be1 Kd5 55. Bf2 Kc4 56.
Be1 Ra2 57. Bh4 Kb3 58. Bf6 Rc2 59. Ka5 Ra2+ 60. Kb6 Ka4 61. Bc3 Rc2 62. Bd2 Rc6+ 63. Kb7 Re6 64. Bc3 Bc4 65. Bd4 Kb5 66. Kc7 a5 67. Kd7 Rc6 68. Bb2 a4 69. Ba3 Re6 70. Bf8 Re3 71. Kc7 Rb3 72. Kd6 a3 73. Ke5 a2 0-1

[Event "Late-Titled-Tuesday-Blitz-January-16-2024"]
[Site "Chess.com"]
[Date "2024.01.16"]
[Round "8"]
[White "ATM622"]
[Black "glebus008"]
[Result "1/2-1/2"]
[WhiteElo "2481"]
[BlackElo "2333"]
[TimeControl "180+1"]
[EndTime "15:29:51 PST"]
[Termination "Game drawn by repetition"]

1. d4 d5 2. c4 e6 3. Nf3 Nf6 4. g3 Be7 5. Bg2 O-O 6. O-O dxc4 7. Ne5 Qd6 8. Nxc4 Qa6 9. b3 Rd8 10. Bb2 c5 11. e3 cxd4 12. exd4 Nc6 13. Bxc6 Qxc6 14.
Ne5 Qa6 15. Qd3 Qxd3 16. Nxd3 b6 17. Ne5 Bb7 18. Nd2 Rac8 19. Rac1 Nd5 20. a3 Bf6 21. Ne4 Bxe5 22. dxe5 Ne3 23. Rxc8 Rxc8 24. Re1 Bxe4 25. Rxe3 Bd5 26. b4 h5 27. Rc3 Rxc3 28. Bxc3 g5 29. Bd2 g4 30. Kf1 Kg7 31. Ke2 Kg6 32. Ke3 Kf5 33.
Kd4 Bb7 34. Bh6 Bc6 35. Bf8 Ba4 36. Bd6 a6 37. Bc7 b5 38. Bd8 Bb3 39. Be7 Ba4 40.
Bf8 Bb3 41. Bh6 Ba4 42. Bf4 Bb3 43. Bh6 Ba4 44. Bc1 Bb3 45. Bd2 Ba4 46. Bf4 Bb3 47. Kc5 Ke4 48. Kd6 Kf3 49. Ke7 Kxf2 50. Kxf7 Kg2 51.
Kg6 Kxh2 52. Kxh5 Kh3 53. Kg5 Bd5 54. Kf6 Kg2 55. Ke7 Kf3 56. Kd6 Ke4 57. Kc5 Bb3 58. Kb6 Ba4 59. Kxa6 Kf5 60. Kb6 Ke4 61. Kc5 Kf5 62.
Kd4 Bb3 63. Bc1 Ba4 64. Kc5 Ke4 65. Bf4 Kf5 66. Kd6 Bb3 67. Ke7 Ba4 68. Kf7 Bb3 69. Ke7 Ba4 70. Kd6 Bb3 71. Kc5 Ba4 1/2-1/2

[Event "Late-Titled-Tuesday-Blitz-January-16-2024"]
[Site "Chess.com"]
[Date "2024.01.16"]
[Round "8"]
[White "Nick12772"]
[Black "C_K_G"]
[Result "1/2-1/2"]
[WhiteElo "2332"]
[BlackElo "2090"]
[TimeControl "180+1"]
[EndTime "15:29:52 PST"]
[Termination "Game drawn by repetition"]

1. Nf3 d5 2. g3 e6 3. Bg2 Nf6 4. O-O c5 5. d4 cxd4 6. Nxd4 a6 7. c4 Be7 8. Nc3 dxc4 9. Qa4+ Nbd7 10. Rd1 O-O 11. Qxc4 Rb8 12. Nb3 b5 13. Qd3 Bb7 14. Bf4 e5 15. Bxb7 Rxb7 16. Be3 Qc8 17. Rac1 Rc7 18.
Qf5 g6 19. Qh3 h5 20. Bh6 Rd8 21. Bg5 Nf8 22. Qxc8 Rdxc8 23. Bxf6 Bxf6 24. Nd5 Rxc1 25. Nxf6+ Kg7 26. Nxh5+ gxh5 27. Rxc1 Rxc1+ 28. Nxc1 f5 29. Nd3 Kf6 30. Nc5 a5 31. Kg2 Ng6 32. Nb7 a4 33.
Nd6 b4 34. Nc4 Ne7 35. Nb6 a3 36. bxa3 bxa3 37. Nc4 Nd5 38. Nxa3 Nc3 39. Nc4 Nxa2 40. Ne3 Nc1 41. Kf1 f4 42. Ng2 Kf5 43. Nh4+ Kg4 44.
Nf3 e4 45. Ne5+ Kf5 46. Nc6 f3 47. exf3 exf3 48. Nd4+ Kg4 49. h3+ Kxh3 50. Nxf3 Kg4 51. Kg2 Ne2 52. Nh2+ Kg5 53. Nf3+ Kg4 54. Ng1 Nd4 55. Kf1 h4 56. gxh4 Kxh4 57. Kg2 Kg4 58. Nh3 Nf3 59. Ng1 Nxg1 60. Kxg1 Kf3 61. Kf1 Kf4 62.
Ke2 Ke4 63. Kd2 Kf3 64. Ke1 Kf4 65. Kf1 Kf3 66. Kg1 Kf4 67. Kg2 Kg4 68. f3+ Kf4 69. Kf2 Kf5 70. Kf1 Kf4 71. Ke2 Kf5 72. Ke3 Ke5 73. Kd3 Kf4 74. Ke2 Kf5 75. Kf2 Kf4 76. Kg2 Kf5 77. Kg3 Kg5 78. Kf2 Kf4 79. Ke2 1/2-1/2

[Event "Late-Titled-Tuesday-Blitz-January-16-2024"]
[Site "Chess.com"]
[Date "2024.01.16"]
[Round "8"]
[White "bazar-wokzal"]
[Black "APOKALIPSA13"]
[Result "1-0"]
[WhiteElo "2572"]
[BlackElo "2190"]
[TimeControl "180+1"]
[EndTime "15:29:55 PST"]
[Termination "bazar-wokzal won by resignation"]

1. e4 e5 2. Bc4 Nf6 3. d3 c6 4. Nf3 d5 5. Bb3 Bd6 6. Nc3 d4 7. Ne2 h6 8. c3 c5 9. O-O O-O 10.
cxd4 cxd4 11. Ng3 Bg4 12. h3 Be6 13. Nh4 Qb6 14. Nhf5 Bxb3 15. axb3 Rd8 16. f4 Nbd7 17. Nxd6 Qxd6 18. Nf5 Qf8 19. fxe5 Nxe5 20. Nxh6+ gxh6 21. Rxf6 Rd6 22. Bxh6 Qd8 23. Rxd6 Qxd6 24. Bf4 Qf6 25. Bxe5 Qxe5 26. Qg4+ Kf8 27. Rf1 Rd8 28. Rf5 Qc7 29.
Qh4 Qc1+ 30. Kh2 Qc7+ 31. e5 Rd5 32. Qh8+ Ke7 33. Qf6+ Ke8 34. h4 Qe7 35. Qxe7+ Kxe7 36. h5 Kf8 37. g4 Kg7 38. g5 b6 39. Kg3 Rb5 40. Kf4 Rxb3 41. h6+ Kg8 42. Ke4 Rxb2 43. Kxd4 a5 44. Kc3 Re2 45. d4 b5 46. e6 b4+ 47.
Kd3 Rxe6 48. Rxa5 Rb6 49. Kc2 Kh7 50. Kb3 Kg6 51. Re5 Rd6 52. d5 Rb6 53. Re8 Kxg5 54. h7 Rh6 55. h8=Q Rxh8 56. Rxh8 Kf5 57. Kxb4 Ke5 58.
Kc5 f5 59. Re8+ Kf6 60. d6 f4 61. d7 f3 62. d8=Q+ Kf5 63. Qd5+ Kg4 64. Rg8+ Kh3 65. Qxf3+ 1-0

[Event "Late-Titled-Tuesday-Blitz-January-16-2024"]
[Site "Chess.com"]
[Date "2024.01.16"]
[Round "8"]
[White "Jospem"]
[Black "RobertoJBM"]
[Result "1-0"]
[WhiteElo "3090"]
[BlackElo "2798"]
[TimeControl "180+1"]
[EndTime "15:29:59 PST"]
[Termination "Jospem won on time"]

1. e4 c6 2. d4 d5 3. e5 Bf5 4.
h4 Qb6 5. a4 h6 6. a5 Qc7 7. Nc3 e6 8. Bd3 Ne7 9. Nge2 a6 10. Be3 Nd7 11. b4 Bxd3 12. Qxd3 Nf5 13. Rb1 b6 14. axb6 Qxb6 15. Bd2 h5 16. Nd1 Qb5 17.
Ne3 g6 18. Nxf5 Qxd3 19. cxd3 gxf5 20. O-O Kd8 21. Rfc1 Nb8 22. Ra1 Ra7 23. Ra4 Rb7 24. g3 Be7 25. Rc2 Kd7 26. Nc1 Rb5 27. Nb3 Rc8 28. Kg2 Rc7 29. Na5 Rb6 30. Nb3 Rb5 31. Kf3 Rcb7 32. Na5 R7b6 33. Rb2 Kc7 34. Ke2 Kd7 35. Nb3 Rb7 36. Na5 R7b6 37. Bc3 Kc7 38. Kd2 Kd7 39. Kc2 Kc7 40. Rb3 Nd7 41. f4 Rb8 42. Be1 Rg8 43. Rb1 Rgb8 44. Nb3 Bxb4 45.
Bxb4 Rxb4 46. Rxa6 R4b6 47. Ra7+ R6b7 48. Rxb7+ Rxb7 49.
Ra1 Rb8 50. Ra7+ Rb7 51. Ra8 Rb8 52. Ra1 Rg8 53. Ra7+ Kc8 54. Na5 Nb8 55. Rxf7 Rxg3 56. Nb7 Na6 57. Nd6+ Kd8 58. Kc3 Nc7 59. Kb4 Rxd3 60.
Rh7 Rd1 61. Kc5 Rc1+ 62. Kb6 Rb1+ 63. Kxc6 Rc1+ 64. Kb6 Rb1+ 65. Ka5 Ra1+ 66. Kb4 Rb1+ 67. Kc3 Rc1+ 68. Kd2 Na6 69. Kxc1 1-0

[Event "Late-Titled-Tuesday-Blitz-January-16-2024"]
[Site "Chess.com"]
[Date "2024.01.16"]
[Round "8"]
[White "NMJeevanK"]
[Black "NikolaGry"]
[Result "0-1"]
[WhiteElo "2581"]
[BlackElo "2752"]
[TimeControl "180+1"]
[EndTime "15:30:01 PST"]
[Termination "NikolaGry won by resignation"]

1. e4 d5 2. exd5 Nf6 3. d4 Bg4 4. Bb5+ Nbd7 5. Nf3 Nxd5 6. c4 c6 7. Ba4 Bxf3 8. Qxf3 Qa5+ 9. Bd2 Qxa4 10. cxd5 Qxd4 11. dxc6 Ne5 12. Qe3 Qxe3+ 13. Bxe3 Nxc6 14. Nc3 e6 15.
Nb5 Bb4+ 16. Ke2 O-O 17. Rhd1 a6 18. Nd6 Bxd6 19. Rxd6 Rfd8 20. Rad1 Rxd6 21. Rxd6 Rd8 22. Rxd8+ Nxd8 23. Kd3 Kf8 24. Kc4 Ke7 25. Kc5 Kd7 26.
Kb6 Kc8 27. a4 Nc6 28. Bd2 f6 29. b4 Ne5 30. Bc3 Nd7+ 31. Ka5 Kc7 32. b5 axb5 33. Kxb5 Kd6 34. Kc4 h5 35. a5 g5 36. Kd4 f5 37.
Bd2 e5+ 38. Kc4 g4 39. h3 Kc6 40. hxg4 fxg4 41. g3 Kd6 42. Bb4+ Kc6 43. Bd2 Nc5 44. Be3 Ne4 45. Kd3 Kd5 46. Bb6 Nd6 47. Bd8 Nc4 48. Ke2 e4 49. Bc7 Kc6 50. Bd8 Kb5 51. Kd1 Nxa5 52.
Ke2 Nc4 53. Be7 Kc6 54. Bf8 b5 55. Bb4 Kd5 56. Kd1 Ke6 57. Ke2 Kf5 58. Kf1 e3 59. fxe3 Nxe3+ 60. Kf2 Nd5 61. Bd2 Ke4 62. Bc1 b4 63. Ke2 Kd4 64. Kd2 Kc4 65. Kc2 b3+ 66. Kb2 Nb4 67. Bg5 Nd3+ 68. Kb1 Kd5 69. Bd8 Ke4 70.
Bc7 Kf3 71. Bd6 Nf2 72. Kb2 Ne4 73. Be5 Nxg3 74. Kxb3 h4 75. Kc2 h3 76. Kd3 h2 0-1

[Event "Late-Titled-Tuesday-Blitz-January-16-2024"]
[Site "Chess.com"]
[Date "2024.01.16"]
[Round "8"]
[White "McCarthyStone"]
[Black "dorpato"]
[Result "1-0"]
[WhiteElo "2303"]
[BlackElo "2125"]
[TimeControl "180+1"]
[EndTime "15:30:03 PST"]
[Termination "McCarthyStone won on time"]

1. e4 c5 2. Nf3 d6 3. Bb5+ Bd7 4. a4 a6 5. Bxd7+ Nxd7 6. Nc3 g6 7. d4 cxd4 8. Qxd4 Ngf6 9. Bg5 Bg7 10. O-O O-O 11. Qd2 Nc5 12. Rfe1 Qb6 13. Bxf6 Bxf6 14. Nd5 Qxb2 15. Rab1 Qa3 16. Nxf6+ exf6 17. Qxd6 Rad8 18. Qxf6 Qxa4 19. h4 Qxc2 20. h5 Nxe4 21. Qh4 Nd2 22. Nxd2 Rxd2 23. h6 Qc6 24. Rxb7 Qxb7 25.
Qf6 Qb2 26. Re5 Qxe5 27. Qxe5 f6 28. Qe6+ Rf7 29. Qc8+ Rf8 30. Qb7 Rf7 31. Qa8+ Rf8 32. Qxa6 Rd7 33. Qe6+ Rdf7 34. g4 g5 35. Kg2 Ra8 36. Kg3 Ra3+ 37. f3 Ra8 38. Qd5 Re8 39. f4 gxf4+ 40. Kxf4 Kf8 41. Qd6+ Kg8 42. Kf5 Re5+ 43.
Kf4 Re8 44. Qd5 Re5 45. Qa8+ Rf8 46. Qa2+ Kh8 47. Qa6 Rg5 48. Qe6 Rg6 49. Kf5 Rxh6 50. Qe7 Rg8 51. Qf7 Rhg6 52. Qe6 Rg5+ 53. Ke4 Rxg4+ 54. Kf3 R4g6 55. Kf4 h6 56. Qf7 R8g7 57.
Qe8+ Kh7 58. Qe4 h5 59. Kf5 Rg5+ 60. Kxf6+ Kh6 61. Qf4 Rg6+ 62. Kf7 h4 63. Qxh4+ Rh5 64. Qe4 Rg7+ 65. Kf6 Rgg5 66. Qf4 Rh1 67. Qxg5+ 1-0

[Event "Late-Titled-Tuesday-Blitz-January-16-2024"]
[Site "Chess.com"]
[Date "2024.01.16"]
[Round "8"]
[White "only_strong_moves"]
[Black "Goryachkina"]
[Result "1/2-1/2"]
[WhiteElo "2573"]
[BlackElo "2687"]
[TimeControl "180+1"]
[EndTime "15:30:05 PST"]
[Termination "Game drawn - insufficient material"]

1. d4 Nf6 2. Nc3 e6 3. Bf4 Bb4 4. Qd3 O-O 5. a3 Bxc3+ 6. Qxc3 Nd5 7. Qd2 Nxf4 8. Qxf4 d6 9. g3 Nd7 10. Bg2 e5 11.
Qd2 Qe7 12. dxe5 dxe5 13. Nf3 Nf6 14. O-O Bg4 15. Ng5 h6 16. Ne4 Nxe4 17. Bxe4 c6 18. Bg2 Rad8 19. Qe3 a6 20. Rad1 f6 21. h3 Be6 22.
Kh2 Rd7 23. f4 exf4 24. Rxd7 Qxd7 25. Rxf4 Re8 26. Rd4 Qc8 27. Qf2 Bf7 28. c3 Qe6 29. Re4 Qd6 30. Rxe8+ Bxe8 31. Qf4 Qe7 32. Qe4 Qxe4 33.
Bxe4 Kf8 34. Bf5 a5 35. Kg2 Ke7 36. h4 Kd6 37. Kf3 Ke5 38. Bc2 c5 39. Bb3 b6 40.
Ke3 Bh5 41. Bc4 Bg4 42. b4 g5 43. hxg5 fxg5 44. Bg8 h5 45. Bf7 h4 46. gxh4 gxh4 47.
Bg6 h3 48. Be8 Be6 49. Bc6 h2 50. Kf2 axb4 51. axb4 cxb4 52. cxb4 Bd5 53. Bxd5 Kxd5 54. Kg2 Kc4 55. Kxh2 Kxb4 56. Kg3 Kc4 57. e4 b5 58. Kf4 b4 59. e5 b3 60. e6 b2 61. e7 b1=Q 62. e8=Q Qf1+ 63. Kg5 Qg1+ 64. Kf6 Qd4+ 65.
Qe5 Qxe5+ 66. Kxe5 1/2-1/2

[Event "Late-Titled-Tuesday-Blitz-January-16-2024"]
[Site "Chess.com"]
[Date "2024.01.16"]
[Round "8"]
[White "Hui_Li_Macau"]
[Black "Bala-Afiada"]
[Result "1-0"]
[WhiteElo "2320"]
[BlackElo "2053"]
[TimeControl "180+1"]
[EndTime "15:30:08 PST"]
[Termination "Hui_Li_Macau won by resignation"]

1. e4 c5 2. Nf3 Nc6 3. d4 cxd4 4.
Nxd4 Nf6 5. Nc3 d6 6. Bg5 e6 7.
Qd2 Be7 8. O-O-O O-O 9. Kb1 d5 10. Nxc6 bxc6 11. e5 Nd7 12. Bxe7 Qxe7 13. f4 c5 14. Bd3 c4 15. Be2 Rb8 16. Bf3 Qb4 17. b3 cxb3 18. cxb3 Nc5 19. Ne2 Qa3 20. Nd4 Ba6 21.
Qc1 Qxc1+ 22. Rxc1 Nd3 23. Rc7 Rb7 24. Rxb7 Bxb7 25.
g3 Rc8 26. a3 Ba6 27. Be2 Nc5 28. Rc1 Bxe2 29. Nxe2 Rc7 30. Nd4 Na6 31. Rxc7 Nxc7 32. Kc2 Kf8 33. Kc3 Ke8 34. Kb4 Kd7 35. Kc5 Na6+ 36.
Kb5 Nc7+ 37. Kc5 Na6+ 38. Kb5 Nc7+ 39. Ka5 Kc8 40. b4 Kb7 41. b5 f6 42. a4 fxe5 43. fxe5 Na8 44. Kb4 Nb6 45. a5 Nc4 46. Nxe6 Nxe5 47. Nxg7 Nd3+ 48. Kc3 Nf2 49. Kd4 Ng4 50. h3 Nf2 51. h4 Nh1 52. g4 Ng3 53. Kxd5 Ne2 54.
Nf5 Nf4+ 55. Kc5 Nd3+ 56. Kd4 Nf2 57. Nd6+ Kc7 58. Ne4 Nxg4 59. Nc5 Nf2 60. Ke5 Nd1 61. Ne6+ Kd7 62. Nf8+ Kc7 63. Nxh7 Ne3 64. Ng5 Nc4+ 65. Kf6 Nxa5 66. h5 Nc4 67. h6 Ne5 68. Kxe5 Kb6 69.
h7 Kxb5 70. h8=Q 1-0

[Event "Late-Titled-Tuesday-Blitz-January-16-2024"]
[Site "Chess.com"]
[Date "2024.01.16"]
[Round "8"]
[White "ChessBrainiacOnTwitch"]
[Black "Nf3c5"]
[Result "1/2-1/2"]
[WhiteElo "2786"]
[BlackElo "2566"]
[TimeControl "180+1"]
[EndTime "15:30:24 PST"]
[Termination "Game drawn by repetition"]

1. Nf3 d5 2. g3 c6 3. Bg2 Nf6 4. O-O Bf5 5. d3 e6 6. Nbd2 h6 7. Re1 Be7 8. Ne5 O-O 9. e4 Bh7 10. Qe2 Nbd7 11. Nef3 dxe4 12. dxe4 Nc5 13. e5 Nd5 14.
Nc4 Nb4 15. Ne3 b5 16. Rd1 Qc7 17. h4 Rad8 18. Re1 a5 19. h5 a4 20. a3 Nbd3 21. cxd3 Bxd3 22. Qd1 Nb3 23. Bd2 Be4 24.
Re2 Bxf3 25. Bxf3 Nxa1 26. Qxa1 Rd3 27. Bc3 Rfd8 28. Be4 R3d7 29. Kg2 c5 30. f4 b4 31. axb4 cxb4 32. Be1 Qa5 33. Bc6 Rd3 34. Qxa4 Qc5 35. Nf1 Qc1 36. Qc2 Qa1 37. Bf2 b3 38. Qc4 Rd1 39. Ne3 Rc1 40. Qa4 Qb1 41. Qxb3 Rxc6 42. Nc4 Qd1 43. Qxd1 Rxd1 44. b3 Rb1 45. Re3 Bc5 46. Rf3 Bxf2 47. Kxf2 Rc5 48. Rc3 Rb5 49.
Nd2 Rb2 50. Ke3 Rd5 51. Ne4 Rd1 52. Nd6 Rdb1 53. Rc8+ Kh7 54. Nxf7 Rxb3+ 55. Kd4 Rd1+ 56. Kc4 Rc1+ 57. Kxb3 Rxc8 58. Nd6 Rc1 59. Ne4 Re1 60. Nc5 Re3+ 61. Kc4 Rxg3 62. Nxe6 Kg8 63. Kd5 Rg1 64. Ke4 Kf7 65. Kf5 Ra1 66. Nd8+ Ke8 67. Nc6 Rg1 68.
Nd4 Kf7 69. Ne6 Rh1 70. Nd8+ Ke8 71. Ne6 Kf7 72. Nd8+ Kg8 73. Kg6 Rg1+ 74. Kf5 Rd1 75. Ne6 Kf7 76. Nc5 Rd5 77. Ne4 Rd1 78. Nd6+ Kg8 79.
Ke6 Ra1 80. f5 Ra6 81. Ke7 Ra7+ 82. Ke6 Ra6 83. Kd5 Ra5+ 84. Ke6 Ra6 1/2-1/2

[Event "Late-Titled-Tuesday-Blitz-January-16-2024"]
[Site "Chess.com"]
[Date "2024.01.16"]
[Round "8"]
[White "IranianCheetah"]
[Black "Mariia89"]
[Result "1-0"]
[WhiteElo "2361"]
[BlackElo "2205"]
[TimeControl "180+1"]
[EndTime "15:30:38 PST"]
[Termination "IranianCheetah won by checkmate"]

1. e4 c6 2. d4 d5 3. Nc3 dxe4 4. Nxe4 Nf6 5. Nxf6+ exf6 6. c3 Be7 7. Bd3 Na6 8.
Ne2 Nc7 9. O-O O-O 10. Qc2 g6 11. Nf4 Kg7 12. h4 Bd6 13. g3 Bxf4 14. Bxf4 Nd5 15. Bd2 Bh3 16. Rfe1 Qd7 17. c4 Ne7 18. Bc3 Nf5 19. Re4 Rfe8 20. Rae1 Rxe4 21. Rxe4 Re8 22. Qe2 Rxe4 23. Qxe4 Nd6 24. Qf4 Nf5 25. Kh2 Ne7 26. d5 Ng8 27. f3 cxd5 28. g4 dxc4 29. Bxc4 Qd1 30. Qc7 Bxg4 31. Qxf7+ Kh6 32. Qf8+ Kh5 33.
fxg4+ Kxg4 34. Qc8+ Kh5 35. Bxg8 Qc2+ 36. Kg3 Qd3+ 37. Kf2 Qc2+ 38. Ke3 Qc1+ 39. Ke2 Qc2+ 40. Ke3 Qc1+ 41. Kd4 Qf4+ 42. Kc5 Kxh4 43. Qd7 Qe3+ 44. Qd4+ Qxd4+ 45. Bxd4 f5 46. Kd5 f4 47. Ke4 g5 48.
Bd5 h5 49. Kf3 Kh3 50. Be5 h4 51. Bf6 Kh2 52. Be6 h3 53. Bxg5 Kg1 54. Bxh3 Kh2 55.
Bg4 Kg1 56. Bxf4 Kf1 57. Bh3+ Ke1 58. Bf5 Kd1 59. Be4 b5 60. Ke3 b4 61. b3 a5 62. Kd4 a4 63. bxa4 b3 64. axb3 Ke1 65.
Kd3 Kf2 66. Be5 Ke1 67. Ke3 Kd1 68. Bc3 Kc1 69. a5 Kd1 70. Bb2 Ke1 71. Bc2 Kf1 72. Kf3 Kg1 73. Bc3 Kf1 74. Bd3+ Kg1 75.
Kg3 Kh1 76. b4 Kg1 77. Bd4+ Kh1 78. Be4# 1-0

[Event "Late-Titled-Tuesday-Blitz-January-16-2024"]
[Site "Chess.com"]
[Date "2024.01.16"]
[Round "8"]
[White "GiorgianBarbosa"]
[Black "GrotBchess"]
[Result "0-1"]
[WhiteElo "2463"]
[BlackElo "2338"]
[TimeControl "180+1"]
[EndTime "15:31:04 PST"]
[Termination "GrotBchess won on time"]

1. d4 Nf6 2. Nf3 e6 3. Bf4 d5 4. e3 c5 5. c3 Nc6 6. Bd3 Bd6 7. Bg3 Qe7 8. Nbd2 e5 9. dxe5 Nxe5 10. Nxe5 Bxe5 11.
Bb5+ Bd7 12. a4 a6 13. Bxd7+ Nxd7 14. Nf3 Qe6 15. Qd3 O-O 16. Rd1 d4 17. cxd4 cxd4 18.
Nxd4 Bxd4 19. Qxd4 Nf6 20. O-O h6 21. Bh4 Ne4 22. f3 Ng5 23. Bxg5 hxg5 24. e4 Rac8 25. Rd2 Rc4 26. Qd5 Qxd5 27. Rxd5 Rxa4 28. Rxg5 Rb4 29. Rf2 Rc8 30. g3 Rc1+ 31. Kg2 Rb1 32. Rd5 R1xb2 33.
Rd8+ Kh7 34. Rd7 Rxf2+ 35. Kxf2 Rb2+ 36. Ke3 f6 37. h4 a5 38. Kf4 a4 39. Rd8 b5 40. Ra8 Rb3 41. g4 a3 42. g5 b4 43.
Kg4 Rb2 44. f4 a2 45. f5 fxg5 46. hxg5 g6 47. Ra7+ Kg8 48. f6 Re2 49. Ra8+ Kf7 50. Ra7+ Ke6 51. Kf3 Rc2 52. f7 Rc8 53. Rxa2 Kxf7 54.
Ra7+ Ke6 55. Ra6+ Kf7 56. Rf6+ Kg7 57. Rb6 Rc4 58. Kf4 Kf7 59. Rb5 Ke7 60. Ke5 Kf7 61.
Rb7+ Kf8 62. Rb6 Kf7 63. Kd5 Rc1 64. Rxb4 Rg1 65. Rb7+ Kf8 66. Ke6 Rf1 67. e5 Rf5 68. Rb8+ Kg7 69. Rb7+ Kf8 70. Rh7 Rxg5 71. Rh6 Kg7 72.
Rh2 Rg1 73. Rb2 Re1 74. Rd2 g5 75. Kd6 g4 76. Rg2 Re4 77. Ke6 Kg6 78. Kd5 Rf4 79.
e6 Kf6 80. Kd6 Re4 81. Kc5 Kxe6 82. Kb5 Kf5 83. Kc5 Rf4 84. Kd5 Rf3 85. Re2 Kf4 86.
Re8 g3 87. Rf8+ Kg4 88. Ke4 Rxf8 0-1

[Event "Late-Titled-Tuesday-Blitz-January-16-2024"]
[Site "Chess.com"]
[Date "2024.01.16"]
[Round "8"]
[White "djano"]
[Black "ShahMatKanal"]
[Result "1-0"]
[WhiteElo "2638"]
[BlackElo "2518"]
[TimeControl "180+1"]
[EndTime "15:31:05 PST"]
[Termination "djano won on time"]

1. e4 Nf6 2. Nc3 d5 3. e5 d4 4. exf6 dxc3 5. fxg7 cxd2+ 6. Bxd2 Bxg7 7. Bd3 Nd7 8. Nf3 Nc5 9. Bc4 Be6 10. Bxe6 Nxe6 11. c3 Qd3 12. Qe2 O-O-O 13. Qxd3 Rxd3 14. Ke2 Rhd8 15. Rad1 c5 16. Be3 c4 17. h4 h5 18. Rxd3 Rxd3 19.
Rg1 Kc7 20. g4 hxg4 21. Rxg4 b5 22. h5 Rd8 23. h6 Bf6 24. Nd2 Bh8 25. Bxa7 Ra8 26.
Be3 Rxa2 27. Rg8 Be5 28. h7 Rxb2 29. h8=Q Bxh8 30. Rxh8 b4 31. Rh4 bxc3 32. Rxc4+ Kd7 33. Rxc3 f6 34. Kf3 Ra2 35. Nc4 Ke8 36. Nb6 Kf7 37. Rc8 Ra3 38. Nd5 Ng5+ 39. Kg4 Ne6 40. Rh8 Ra4+ 41.
Kg3 Ng7 42. Kf3 Ra5 43. Nf4 Rf5 44. Ke4 Re5+ 45. Kd3 Ra5 46. Rb8 Ra3+ 47. Ke2 Ra2+ 48. Kf3 Ra5 49. Rb7 Nf5 50. Ne2 Ke8 51. Ng3 Nd6 52.
Rb8+ Kf7 53. Ne2 Rf5+ 54. Kg2 Ra5 55. Bf4 Nf5 56. Bg3 Ra2 57. Nf4 Ne3+ 58. Kf3 Nf5 59. Rb7 Ra3+ 60. Kg4 Nh6+ 61. Kh5 Nf5 62. Kg4 Nh6+ 63.
Kh3 Nf5 64. Rb5 Nd6 65. Rd5 Ne4 66. Kg2 Ng5 67. Rd3 Ra4 68. Ne2 Ra7 69. Re3 Ne6 70.
f4 Ng7 71. Nd4 Ra2+ 72. Kf3 Ra4 73. Nc6 Nf5 74. Rd3 Ra6 75. Nb4 Rb6 76. Nd5 Rb5 77. Bf2 Nd6 78. Ne3 Rc5 79. Ng4 Rc4 80. Be3 Nf5 81.
Nf2 Rc6 82. Bd2 Re6 83. Ne4 Nh4+ 84. Ke3 Nf5+ 85. Kf3 Nh4+ 86. Kg4 f5+ 87. Kxh4 fxe4 88. Re3 Kf6 89. Bc3+ Kf5 90. Be5 Rh6+ 91. Kg3 Rh1 92. Kg2 Rh4 93. Rg3 e3 94. Kf3 e2 95. Kxe2 Ke4 96.
Re3+ Kf5 97. Kd3 e6 98. Rg3 Rh5 99. Ke3 1-0

[Event "Late-Titled-Tuesday-Blitz-January-16-2024"]
[Site "Chess.com"]
[Date "2024.01.16"]
[Round "8"]
[White "Makswolf200817"]
[Black "rasmussvane"]
[Result "1/2-1/2"]
[WhiteElo "2758"]
[BlackElo "2978"]
[TimeControl "180+1"]
[EndTime "15:31:12 PST"]
[Termination "Game drawn - insufficient material"]

1. Nf3 d5 2. e3 e6 3. c4 Nf6 4. Nc3 dxc4 5. Bxc4 a6 6. d4 b5 7. Bd3 Bb7 8. O-O Nbd7 9. Qe2 c5 10. Rd1 Qb8 11. e4 cxd4 12. Nxd4 Bd6 13. Nf3 O-O 14. Bg5 Ne5 15. Nxe5 Bxe5 16. h3 h6 17. Be3 b4 18.
Na4 Bxe4 19. Bxe4 Nxe4 20. Nb6 Ra7 21. Nd7 Rxd7 22. Rxd7 Nf6 23. Rd2 Nd5 24. Bd4 Bxd4 25. Rxd4 a5 26. a3 Rc8 27. a4 Qb6 28. Rad1 Qc6 29. Ra1 Qc2 30. Rd2 Qb3 31. Qb5 Rc2 32.
Rxc2 Qxc2 33. Qxa5 Qxb2 34. Rf1 Qa2 35. Qb5 b3 36. a5 b2 37. a6 Kh7 38. Qd3+ f5 39. Qb1 Qa3 40. a7 Qxa7 41. Qxb2 Qf7 42. Qe5 Qf6 43. Qd6 Qe7 44. Qxe7 Nxe7 45. Re1 Kg6 46.
Rxe6+ Kf7 47. Ra6 Ng8 48. g3 Nf6 49. Kg2 Ne4 50. Kf3 Ng5+ 51. Kg2 Ne6 52. h4 g5 53. Kf3 gxh4 54. gxh4 Kf6 55. Ke3 Ke5 56. Ra5+ Kf6 57. Rb5 Kg6 58. Rb6 Kf6 59. Kf3 Ke5 60. Kg3 Kf6 61. Rb7 Kg6 62. Ra7 Kf6 63. f3 Kg6 64. Ra6 Kf6 65. Rb6 Ke5 66. h5 Kf6 67. f4 Kf7 68. Kf3 Kf6 69. Ra6 Kf7 70. Ke3 Kf6 71.
Rb6 Kf7 72. Kd3 Nxf4+ 73. Ke3 Nxh5 74. Rxh6 Nf6 75. Kf4 Nd5+ 76. Kxf5 Ne7+ 77. Ke5 Ng6+ 78.
Kf5 Ne7+ 79. Kg5 Kg7 80. Re6 Kf7 81. Re2 Nd5 82. Ra2 Ke6 83. Ra6+ Ke5 84. Ra8 Kd4 85. Kf5 Ne3+ 86. Kf4 Nd5+ 87. Kf3 Nc3 88. Rd8+ Nd5 89.
Rd7 Ke5 90. Rb7 Nf6 91. Rb6 Nd5 92. Rb3 Kd4 93. Rb1 Ke5 94. Re1+ Kd4 95. Re4+ Kc5 96.
Re5 Kd6 97. Ke4 Nf6+ 98. Kf5 Nd5 99. Re6+ Kc5 100. Ke5 Nc3 101. Re8 Kc4 102. Rd8 Nb5 103. Ke4 Nc3+ 104. Ke3 Nd5+ 105. Kd2 Kd4 106. Rxd5+ Kxd5 1/2-1/2

[Event "Late-Titled-Tuesday-Blitz-January-16-2024"]
[Site "Chess.com"]
[Date "2024.01.16"]
[Round "8"]
[White "aghasiyevkamal"]
[Black "MikaelyanArman"]
[Result "1/2-1/2"]
[WhiteElo "2627"]
[BlackElo "2853"]
[TimeControl "180+1"]
[EndTime "15:31:17 PST"]
[Termination "Game drawn by 50-move rule"]

1. e4 g6 2. d4 Bg7 3. c3 d6 4.
Bd3 c5 5. Nf3 Nc6 6. Be3 Bg4 7.
d5 Bxf3 8. Qxf3 Ne5 9. Bb5+ Kf8 10. Qe2 a6 11. Ba4 Nf6 12. Nd2 h5 13. h3 h4 14.
O-O Nh5 15. Bc2 Qd7 16. a4 Qc7 17. a5 Bf6 18. Rfd1 g5 19. Rdc1 Nf4 20. Qf1 Rg8 21. Bd1 Ned3 22. Rc2 Ne5 23. Nc4 Nxc4 24. Qxc4 Be5 25.
Bg4 b5 26. axb6 Qxb6 27. b4 Kg7 28. bxc5 dxc5 29. Bxc5 Qf6 30. Bd4 Rgd8 31. Bxe5 Qxe5 32. Qd4 Kf6 33. Rb2 Qxd4 34. cxd4 Kg7 35. Ra5 Rd6 36.
g3 Ng6 37. Rb7 Rad8 38. Ra7 Rb8 39. R7xa6 hxg3 40. fxg3 Rb3 41. Rxd6 exd6 42. Ra6 Rxg3+ 43. Kf2 Rd3 44. Rxd6 Nf4 45. e5 Rxd4 46. e6 fxe6 47. Bxe6 Kf6 48. Ke3 Ke5 49. Ra6 Rd3+ 50. Kf2 Rd2+ 51.
Kf3 Rd3+ 52. Kg4 Nxh3 53. d6 Nf2+ 54. Kxg5 Kxe6 55. d7+ Kxd7 56. Ra7+ Ke6 57. Ra6+ Ke5 58. Ra5+ Ke4 59. Ra4+ Kf3 60. Rf4+ Kg3 61. Rf8 Ne4+ 62.
Kg6 Kg4 63. Ra8 Rd6+ 64. Kg7 Ng5 65. Ra4+ Kh5 66. Ra5 Re6 67. Rb5 Rc6 68. Ra5 Rg6+ 69. Kf8 Kh6 70. Ra1 Rb6 71. Ke7 Kg6 72. Kd7 Rb3 73. Kc6 Kf6 74. Kd5 Kf5 75. Kc4 Rf3 76. Kd4 Ne6+ 77. Kc4 Ke5 78. Re1+ Kd6 79. Rd1+ Kc6 80.
Re1 Rf4+ 81. Kd3 Kd5 82. Rh1 Rf3+ 83. Ke2 Nd4+ 84. Kd2 Rf2+ 85. Ke3 Rf3+ 86. Kd2 Rg3 87. Rh5+ Kc4 88. Rh8 Rd3+ 89. Ke1 Rf3 90. Kd2 Rf1 91.
Rc8+ Kd5 92. Rd8+ Ke5 93. Re8+ Ne6 94. Ke2 Rf4 95. Ra8 Rh4 96. Kf3 Rh3+ 97. Kg4 Rd3 98.
Ra5+ Ke4 99. Ra4+ Nd4 100. Rb4 Rd1 101. Ra4 Rg1+ 102. Kh3 Kf3 103. Kh2 Rg2+ 104. Kh1 Rd2 105. Ra3+ Kf2 1/2-1/2